 Dungeon Crawl Stone Soup version 0.24.0-13-gcf9b3192b9 (webtiles) character file.

Game seed: 7464175697342427511, levelgen mode: deterministic

318198 inmateoo the Impaler (level 22, -21/179 HPs)
             Began as a Human Fighter on Nov 5, 2019.
             Was the Champion of Ru.
             Demolished by a titan (34 damage)
             ... on level 4 of the Vaults.
             The game lasted 01:27:43 (63237 turns).

inmateoo the Impaler (Human Fighter)               Turns: 63237, Time: 01:27:43

Health: -21/179    AC: 17    Str: 26    XL:     22   Next: 40%
Magic:  34/34      EV: 16    Int: 11    God:    Ru [******]
Gold:   1590       SH: 19    Dex: 22    Spells: 36/38 levels left

rFire    + + .     SeeInvis .   S - +2 broad axe (vamp)
rCold    + + .     Gourm    .   t - +0 large shield {AC+3}
rNeg     . . .     Faith    .   b - +0 swamp dragon scales
rPois    +         Spirit   .   o - +1 hat {MR+}
rElec    +         Reflect  .   y - scarf {rC+ rF+}
rCorr    +         Harm     .   U - +2 pair of gloves {Dex+3}
MR       +++..                  p - +0 pair of boots
Stlth    ++++......             Q - amulet of regeneration
HPRegen  0.79/turn              O - ring of protection from magic
MPRegen  0.24/turn              E - +6 ring of protection

@: mighty, agile, exhausted, resistant, corroded, no scrolls, lightly drained
A: screaming 1, weak 1, inability to read while threatened, inability to use
devices, hated by all, reduced EV 1
}: 2/15 runes: decaying, serpentine
a: Draw Out Power, Power Leap, Apocalypse, Renounce Religion


You were on level 4 of the Vaults.
You worshipped Ru.
Ru was exalted by your worship.
You were hungry.

You visited 7 branches of the dungeon, and saw 37 of its levels.
You visited 1 bazaar.

You collected 4050 gold pieces.
You spent 2460 gold pieces at shops.

Inventory:

Hand Weapons
 a - a +8 broad axe of chopping
 d - the +3 trident "Jellyslayer" {pierce, Dex+7}
   (You acquired it on level 10 of the Dungeon)

   It inflicts extra damage upon your enemies.
   It affects your dexterity (+7).
 S - a +2 vampiric broad axe (weapon)
 V - the +7 trident of Evisceration {freeze, SInv}
   (You bought it in a shop in a bazaar)

   It has been specially enchanted to freeze those struck by it, causing extra
   injury to most foes and up to half again as much damage against particularly
   susceptible opponents.
   It can also slow down cold-blooded creatures.
   It lets you see invisible.
Missiles
 x - 35 boomerangs (quivered)
 C - 3 silver boomerangs
 D - 2 throwing nets
Armour
 b - +0 swamp dragon scales (worn)
 c - the +5 ring mail of the Gloaming {+Inv rCorr Dex-2}
   (You found it on level 4 of the Swamp)

   It affects your dexterity (-2).
   It lets you turn invisible.
   It provides partial protection from all sources of acid and corrosion.
 o - a +1 hat of magic resistance (worn)
 p - a +0 pair of boots (worn)
 t - a +0 large shield of protection (worn)
 v - a +1 scale mail of cold resistance
 y - a scarf of resistance (worn)
 L - +0 shadow dragon scales
 U - a +2 pair of gloves of dexterity (worn)
Jewellery
 n - a +4 ring of protection
 E - a +6 ring of protection (right hand)
 J - a +3 ring of evasion
 K - an uncursed ring of protection from fire
 O - a ring of protection from magic (left hand)
 Q - an amulet of regeneration (around neck)
 R - an uncursed ring of protection from cold
Scrolls
 g - 4 scrolls of magic mapping
 h - 4 scrolls of immolation
 j - 4 scrolls of fog
 k - 11 scrolls of teleportation
 l - 5 scrolls of enchant armour
 s - 4 scrolls of amnesia
 I - 14 scrolls of identify
 M - 3 scrolls of fear
 N - 14 scrolls of remove curse
 T - 2 scrolls of blinking
Potions
 e - 12 potions of brilliance
 i - 4 potions of magic
 m - 2 potions of haste
 q - 4 potions of cancellation
 r - a potion of ambrosia
 u - 8 potions of lignification
 w - 5 potions of flight
 z - 3 potions of curing
 A - 4 potions of mutation
 B - a potion of resistance
 G - 5 potions of agility
 H - 2 potions of might
Comestibles
 f - 29 rations


   Skills:
 + Level 16.3(15.6) Fighting
 - Level 17.3(19.2) Axes
 - Level 17.6(19.3) Polearms
 - Level 10.0(9.3) Throwing
 + Level 11.5(10.9) Armour
 - Level 10.0(9.4) Dodging
 - Level 7.0(6.4) Stealth
 - Level 10.0(9.3) Shields
 + Level 8.8(8.2) Spellcasting
 - Level 7.0(6.4) Translocations


You had 36 spell levels left.
You knew the following spells:

 Your Spells              Type           Power        Failure   Level  Hunger
a - Blink                 Tloc           N/A          19%         2    #......

Your spell library contained the following spells:

 Spells                   Type           Power        Failure   Level  Hunger
 Apportation              Tloc           ###...       12%         1    None
 Gell's Gravitas          Tloc           ###.......   34%         3    ##.....
 Lesser Beckoning         Tloc           ###.......   34%         3    ##.....
 Shroud of Golubria       Chrm/Tloc      ##....       54%         2    #......
 Confusing Touch          Hex            #.....       86%         1    None
 Infusion                 Chrm           #...         86%         1    None
 Magic Dart               Conj           #...         86%         1    None
 Sting                    Conj/Pois      #...         86%         1    None
 Poisonous Vapours        Pois/Air       #.....       94%         2    #......
 Slow                     Hex            #.......     94%         2    #......
 Song of Slaying          Chrm           #.......     94%         2    #......
 Confuse                  Hex            #.......     99%         3    ##.....
 Conjure Flame            Conj/Fire      #.......     99%         3    ##.....
 Mephitic Cloud           Conj/Pois/Air  #.......     99%         3    ##.....
 Regeneration             Chrm/Necr      #.........   99%         3    ##.....
 Spectral Weapon          Hex/Chrm       #.......     99%         3    ##.....
 Static Discharge         Conj/Air       #.......     99%         3    ##.....
 Tukima's Dance           Hex            #.......     99%         3    ##.....
 Cause Fear               Hex            #.........   100%        4    ####...
 Leda's Liquefaction      Hex/Erth       #.........   100%        4    ####...
 Olgreb's Toxic Radiance  Pois           #.......     100%        4    ####...
 Petrify                  Tmut/Erth      #.......     100%        4    ####...
 Alistair's Intoxication  Tmut/Pois      #.......     100%        5    ######.
 Bolt of Magma            Conj/Fire/Erth #.........   100%        5    ######.
 Lightning Bolt           Conj/Air       #.........   100%        5    ######.
 Metabolic Englaciation   Hex/Ice        #.........   100%        5    ######.
 Silence                  Hex/Air        #.........   100%        5    ######.
 Venom Bolt               Conj/Pois      #.........   100%        5    ######.
 Yara's Violent Unravell  Hex/Tmut       #.........   100%        5    ######.
 Deflect Missiles         Chrm/Air       #.........   100%        6    #######
 Freezing Cloud           Conj/Ice/Air   #.........   100%        6    #######
 Invisibility             Hex            #.......     100%        6    #######
 Iron Shot                Conj/Erth      #.........   100%        6    #######
 Statue Form              Tmut/Erth      #........    100%        6    #######
 Ring of Flames           Chrm/Fire      #.........   100%        7    #######
 Discord                  Hex            #.........   100%        8    #######
 Ignition                 Fire           #.........   100%        8    #######
 Shatter                  Erth           #.........   100%        9    #######
 Tornado                  Air            #.........   100%        9    #######
 Summon Butterflies       Summ           Unusable     N/A         1    N/A
 Call Imp                 Summ           Unusable     N/A         2    N/A
 Call Canine Familiar     Summ           Unusable     N/A         3    N/A
 Summon Ice Beast         Ice/Summ       Unusable     N/A         4    N/A
 Summon Mana Viper        Hex/Summ       Unusable     N/A         5    N/A
 Summon Hydra             Summ           Unusable     N/A         7    N/A

Dungeon Overview and Level Annotations

Branches:
Dungeon (15/15)            Temple (0/1) D:7            Lair (6/6) D:11
  Swamp (4/4) Lair:3        Snake (4/4) Lair:3        Slime (0/5) Lair:6
    Orc (2/2) D:9             Elf (2/3) Orc:2        Vaults (4/5) D:14
  Crypt (0/3) Vaults:3     Depths (0/5) D:15

Altars:
Cheibriados
Dithmenos
Elyvilon
Gozag
Okawaru
Ru
Trog
Xom
Yredelemnul
Zin
Beogh

Shops:
D:7 (   D:8 (   D:11 (   D:12 (   Orc:2 ((((   Snake:2 =}=   Vaults:1 ((%*

Annotations:
D:6 2 transporters, TheWoodenMan's ghost, novice HONe
D:12 2 runed translucent doors
Lair:6 2 transporters, skk's ghost, journeyman DsFi
Elf:2 3 runed translucent doors
Vaults:2 TuffENuff's ghost, veteran FoFi
Vaults:3 3 runed translucent doors, Sianeop's ghost, adept GrFi


Innate Abilities, Weirdness & Mutations

You occasionally shout uncontrollably at your foes.
You are weak. (Str -2)
You cannot read scrolls while threatened.
You cannot study or use magical devices.
You are hated by all.
You have somewhat slow reflexes. (EV -5)


Message History

You barely miss the titan.
The titan is heavily wounded.
You barely miss the stone giant.
Unknown command.
Unknown command.
You hit the titan.
The titan is heavily wounded.
You hit the stone giant but do no damage.
The titan gestures wildly while chanting.
The titan is healed somewhat.
You block the stone giant's attack.
Unknown command.
Unknown command.
Okay, then.
You feel better. You block the titan's attack.
The stone giant hits you but does no damage.
Unknown command.
You hit the titan but do no damage.
The titan is moderately wounded.
You hit the stone giant. The titan hits you!!
You die...

#.............
#.............
#.............
#.............
######+#######
#......#
########......#
#......#......#
#......#.....@########
+......#))))CC#.....?#
#.....(+(..().'......+
#....(.########.....?#
#......# #######
#......# ########


You could see a titan and a stone giant.

Vanquished Creatures
  Mara (Snake:3)
  Boris (Vaults:3)
  Vashnia (Snake:4)
  Jory (Vaults:3)
  A bone dragon (Swamp:4)
  Asterion (Snake:4)
  A titan (Vaults:4)
  2 liches (Vaults:3)
  A deep elf master archer (Vaults:2)
  Gastronok (D:10)
  Kirke (Elf:1)
  Frances (Swamp:1)
  2 thorn hunters
  Roxanne (Snake:1)
  A fire giant (Vaults:2)
  A deep elf sorcerer (Vaults:1)
  A revenant (Vaults:3)
  6 nagarajas (Snake:4)
  The ghost of reggie the Thaumaturge, a journeyman DrWz of Sif Muna (Swamp:2)
  A frost giant (Vaults:2)
  10 vault wardens
  Louise (Snake:4)
  An orc warlord (Vaults:2)
  Aizul (Snake:2)
  3 very ugly things
  A curse skull (Vaults:3)
  10 ironheart preservers
  4 stone giants
  2 deep elf demonologists
  2 deep elf annihilators
  An ettin (Vaults:3)
  A merfolk javelineer (Vaults:2)
  A deep elf death mage (Elf:2)
  A fire dragon (Vaults:1)
  Josephine (D:13)
  6 great orbs of eyes
  11 vault guards
  9 ogre magi
  4 ice dragons
  The ghost of Zatibaps the Spry, a journeyman FeVM of Dithmenos (Swamp:2)
  17 naga warriors
  3 yaktaur captains
  A shambling mangrove (Swamp:4)
  Harold (D:7)
  Erolcha (D:9)
  18 hydras
  Erica (D:9)
  10 anacondas
  3 ghost crabs
  A death knight (Vaults:1)
  8 dancing weapons
  12 centaur warriors
  13 alligators
  10 naga sharpshooters
  24 two-headed ogres
  A tengu warrior (D:15)
  7 shock serpents
  12 deep elf knights
  A shadow wraith (Vaults:4)
  A fire crab (D:11)
  6 sea snakes (Snake:4)
  A fire crab (shapeshifter) (D:11)
  2 unseen horrors
  3 naga ritualists
  3 ironbrand convokers
  4 wizards
  4 swamp dragons
  6 deep elf archers
  3 spectral hydras (Swamp:4)
  A necromancer (Vaults:2)
  10 mana vipers
  13 orc knights
  2 wolf spider zombies (D:14)
  2 manticores
  39 ugly things
  A tengu skeleton (Vaults:3)
  A phantasmal warrior (Swamp:4)
  8 wolf spiders
  An orb spider (shapeshifter) (D:11)
  An orc sorcerer (Orc:1)
  3 centaur zombies
  4 cyclopes
  40 deep elf magi
  11 elephants
  4 salamanders
  26 black mambas
  7 guardian serpents
  6 vault sentinels
  2 frost giant skeletons (Vaults:3)
  A guardian serpent (shapeshifter) (Vaults:2)
  Psyche (D:9)
  8 spiny frogs
  12 naga magi
  3 centaur skeletons
  A human zombie (Vaults:2)
  A rime drake (shapeshifter) (Vaults:1)
  A kobold demonologist (D:14)
  2 efreet (D:15)
  14 komodo dragons
  A rime drake (Lair:6)
  5 swamp worm zombies (Swamp:4)
  A yaktaur zombie (Vaults:2)
  30 yaktaurs
  A yaktaur (shapeshifter) (Vaults:1)
  2 hydra zombies (Swamp:4)
  2 tengu conjurers
  4 guardian mummies (D:13)
  A queen bee (shapeshifter) (Vaults:3)
  4 trolls
  A jumping spider (shapeshifter) (Vaults:3)
  4 polar bears (Lair:6)
  Prince Ribbit (D:9)
  A meliai (shapeshifter) (Vaults:3)
  9 tyrant leeches
  10 hornets
  14 hippogriffs
  A raiju (shapeshifter) (D:12)
  31 blink frogs
  2 dream sheep (Lair:6)
  37 slime creatures
  3 spectral swamp dragons (Swamp:4)
  7 bog bodies
  2 alligator zombies (Swamp:4)
  A hippogriff (shapeshifter) (Vaults:1)
  8 wraiths
  3 shadows
  An air elemental (Elf:1)
  3 vampires
  12 spriggans
  3 wyverns
  6 water elementals
  5 hogs (Elf:1)
  21 yaks
  A basilisk (shapeshifter) (Vaults:2)
  4 basilisks
  2 fire elementals
  3 hungry ghosts
  Edmund (D:6)
  6 wargs
  23 vampire mosquitoes
  14 swamp worms
  4 acid dragons
  9 insubstantial wisps
  51 nagas
  12 water moccasins
  6 porcupines
  39 orc warriors
  An orc zombie (Vaults:2)
  2 sky beasts (D:5)
  3 swamp drakes
  4 ice beasts
  7 black bears
  4 swamp dragon zombies (Swamp:4)
  3 eyes of draining
  A necrophage (D:11)
  11 phantoms
  29 ogres
  18 wolves (Lair:6)
  5 boggarts
  21 centaurs
  4 big kobolds
  8 crocodiles
  A human simulacrum (Vaults:3)
  2 earth elementals (Elf:2)
  23 bullfrogs
  A glowing shapeshifter simulacrum (Vaults:3)
  A wyvern skeleton (D:11)
  A hornet simulacrum (D:15)
  5 scorpions
  3 wights (D:10)
  12 killer bees
  2 howler monkeys
  4 electric eels
  5 crimson imps
  A bullfrog zombie (D:5)
  2 quasits
  16 orc priests
  5 jellies
  4 hounds
  A gnoll shaman (D:8)
  27 orc wizards
  3 iguanas
  Ijyb (D:5)
  A spectral swamp drake (Swamp:4)
  9 worker ants
  A hound zombie (D:5)
  4 mummies (D:13)
  A worker ant zombie (D:5)
  A howler monkey skeleton (D:9)
  17 gnolls
  10 adders
  4 shadow imps
  9 oozes
  An adder skeleton (D:7)
  An adder zombie (D:6)
  4 worms
  2 dart slugs
  3 leopard geckos
  88 orcs
  5 ball pythons
  3 giant cockroaches
  5 goblins
  6 hobgoblins
  8 jackals
  11 kobolds
  4 quokkas
  8 bats
  7 frilled lizards
  A jackal skeleton (D:4)
  3 rats
  A briar patch (Swamp:2)
1372 creatures vanquished.

Vanquished Creatures (others)
  Jorgrun (Swamp:1)
  A nagaraja (Snake:4)
  3 hydras
  A shambling mangrove (Swamp:1)
  2 alligators
  A two-headed ogre (Vaults:3)
  2 anacondas
  A dancing weapon (Elf:2)
  A shock serpent (Snake:3)
  A deep elf knight (Elf:2)
  A sea snake (Snake:4)
  An unseen horror (D:15)
  A deep elf archer (Vaults:1)
  A deep elf mage (Vaults:1)
  A spectral hydra (Swamp:4)
  A necromancer (Vaults:3)
  An elephant (Lair:3)
  An orb spider (shapeshifter) (Vaults:2)
  2 spiny frogs
  5 yaktaurs
  A meliai (shapeshifter) (Elf:2)
  2 hornets (Lair:6)
  A tyrant leech (Swamp:3)
  A blink frog (Swamp:4)
  A hippogriff (D:13)
  A spriggan (Lair:6)
  A hog (Elf:1)
  A golden eye (shapeshifter) (Elf:2)
  2 yaks
  2 water elementals (Elf:2)
  2 swamp worms
  3 nagas
  4 insubstantial wisps (Swamp:4)
  An orc warrior (D:13)
  2 wolves (Lair:6)
  2 ogres
  A swamp dragon zombie (Swamp:4)
  A crocodile (Lair:5)
  A big kobold (D:14)
  A bullfrog (Lair:3)
  An orc priest (Orc:1)
  2 worker ants
  An orc (Orc:2)
  3 briar patches (Swamp:2)
  12 fungi
  7 plants
86 creatures vanquished.

Grand Total: 1458 creatures vanquished

Notes
Turn   | Place    | Note
-------+----------+-------------------------------------------
     0 | D:1      | inmateoo the Human Fighter began the quest for the Orb.
     0 | D:1      | Reached XP level 1. HP: 18/18 MP: 1/1
   176 | D:1      | Reached XP level 2. HP: 18/24 MP: 2/2
   988 | D:1      | Reached XP level 3. HP: 30/30 MP: 3/3
  1393 | D:2      | Found a faded altar of an unknown god.
  1695 | D:2      | Reached XP level 4. HP: 37/38 MP: 4/4
  1704 | D:2      | Found a snail-covered altar of Cheibriados.
  1704 | D:2      | Found an iron altar of Okawaru.
  1709 | D:2      | Found a glowing silver altar of Zin.
  1711 | D:2      | Found an opulent altar of Gozag.
  1713 | D:2      | Found a faded altar of an unknown god.
  2549 | D:3      | Reached skill level 5 in Fighting
  2772 | D:3      | HP: 1/39 [poisoned by an adder]
  3106 | D:3      | Reached XP level 5. HP: 27/44 MP: 5/5
  3992 | D:4      | Noticed an eye of draining
  3999 | D:4      | Found a bloodstained altar of Trog.
  3999 | D:4      | Noticed an eye of draining
  4023 | D:4      | Killed an eye of draining
  4023 | D:4      | Reached XP level 6. HP: 53/53 MP: 1/6
  4039 | D:4      | Killed an eye of draining
  4039 | D:4      | Reached XP level 7. HP: 60/60 MP: 0/7
  5630 | D:5      | Entered Level 5 of the Dungeon
  5718 | D:5      | Found a shadowy altar of Dithmenos.
  5758 | D:5      | Found a shadowy altar of Dithmenos.
  5767 | D:5      | Reached XP level 8. HP: 67/68 MP: 8/8
  5973 | D:5      | Noticed Ijyb
  6004 | D:5      | Killed Ijyb
  6010 | D:5      | Reached skill level 5 in Polearms
  6411 | D:6      | Noticed TheWoodenMan's ghost (novice HONe)
  6678 | D:6      | Found a transporter.
  6991 | D:6      | Found a transporter.
  7158 | D:6      | HP: 1/102 [orc warrior/+0 trident (16)]
  7160 | D:6      | Reached XP level 9. HP: 1/74 MP: 9/9
  7555 | D:6      | Found a sacrificial altar of Ru.
  7562 | D:6      | Became a worshipper of Ru the Awakened
  7642 | D:6      | Noticed Edmund
  7660 | D:6      | Killed Edmund
  7660 | D:6      | Reached skill level 1 in Dodging
  8346 | D:7      | Found a staircase to the Ecumenical Temple.
  8443 | D:7      | Reached skill level 5 in Armour
  8983 | D:7      | Noticed Harold
  9002 | D:7      | Killed Harold
  9002 | D:7      | Reached XP level 10. HP: 49/82 MP: 10/10
  9286 | D:7      | Found Zusk's Weapon Emporium.
  9421 | D:8      | Gained mutation: You occasionally shout uncontrollably at
                  | your foes. [Ru sacrifice]
 10018 | D:8      | Found Unkodor's Antique Weapon Shoppe.
 10302 | D:8      | Reached skill level 10 in Polearms
 10594 | D:9      | Noticed Erolcha
 10599 | D:9      | Killed Erolcha
 10604 | D:9      | Noticed a deep elf mage
 10618 | D:9      | Killed a deep elf mage
 10618 | D:9      | Reached skill level 10 in Fighting
 10659 | D:9      | Noticed Erica
 10674 | D:9      | Killed Erica
 10674 | D:9      | Reached XP level 11. HP: 92/92 MP: 11/11
 10802 | D:9      | Found a staircase to the Orcish Mines.
 10806 | D:9      | Noticed a two-headed ogre
 10820 | D:9      | Killed a two-headed ogre
 10841 | D:9      | Reached skill level 5 in Dodging
 11071 | D:9      | Noticed Prince Ribbit
 11492 | D:9      | Found a roughly hewn altar of Beogh.
 11778 | D:9      | Found a white marble altar of Elyvilon.
 11860 | D:9      | Found a shimmering altar of Xom.
 11860 | D:9      | Noticed Psyche
 11867 | D:9      | Killed Psyche
 11879 | D:9      | Killed Prince Ribbit
 11896 | D:9      | Gained mutation: You cannot read scrolls while threatened.
                  | [Ru sacrifice]
 11896 | D:9      | Reached * piety under Ru
 12204 | D:9      | Found a basalt altar of Yredelemnul.
 12257 | D:10     | Entered Level 10 of the Dungeon
 12686 | D:10     | Reached skill level 1 in Stealth
 12857 | D:10     | Noticed Gastronok
 12873 | D:10     | Killed Gastronok
 12969 | D:10     | Reached XP level 12. HP: 100/101 MP: 12/12
 13053 | D:10     | Noticed a two-headed ogre
 13070 | D:10     | Killed a two-headed ogre
 13357 | D:10     | Identified a scroll of acquirement
 13360 | D:10     | Got a dazzling trident
 13362 | D:10     | Identified the +3 trident "Jellyslayer" {pierce, Dex+7}
                  | (You acquired it on level 10 of the Dungeon)
 14188 | D:11     | Gained mutation: You have somewhat slow reflexes. (EV -5)
                  | [Ru sacrifice]
 14188 | D:11     | Reached ** piety under Ru
 14291 | D:11     | Found Koimem's Weapon Shoppe.
 14370 | D:11     | Found a staircase to the Lair.
 14811 | D:12     | Reached skill level 5 in Shields
 15132 | D:12     | Found Quifask's Antique Weapon Shop.
 15737 | D:12     | Noticed a fire crab
 15737 | D:12     | Noticed a centaur warrior
 15738 | D:12     | Noticed a fire crab
 15983 | D:11     | Killed a fire crab
 15983 | D:11     | Reached XP level 13. HP: 57/109 MP: 13/13
 16472 | D:12     | Killed a centaur warrior
 16815 | D:12     | Found a large runed translucent door.
 16816 | D:12     | Found a large runed translucent door.
 16971 | D:13     | Gained mutation: You cannot study or use magical devices.
                  | [Ru sacrifice]
 16971 | D:13     | Reached *** piety under Ru
 16971 | D:13     | Reached **** piety under Ru
 16971 | D:13     | Reached ***** piety under Ru
 17287 | D:13     | Noticed a reaper
 17287 | D:13     | Noticed a reaper
 17287 | D:13     | Noticed a reaper
 17287 | D:13     | Noticed a reaper
 17287 | D:13     | Noticed a reaper
 17921 | D:13     | Noticed a centaur warrior
 18090 | D:13     | Noticed a centaur warrior
 18123 | D:13     | Killed a centaur warrior
 18456 | D:13     | Killed a centaur warrior
 19751 | D:14     | Reached skill level 1 in Throwing
 20055 | D:14     | Noticed Josephine
 20095 | D:13     | Killed Josephine
 20095 | D:13     | Reached XP level 14. HP: 51/117 MP: 14/14
 20588 | D:14     | Found a gate to the Vaults.
 22814 | D:14     | Reached skill level 5 in Throwing
 23161 | D:14     | Gained mutation: You are hated by all. [Ru sacrifice]
 23410 | D:15     | Entered Level 15 of the Dungeon
 25026 | D:15     | Found a staircase to the Depths.
 25654 | D:15     | Reached XP level 15. HP: 117/125 MP: 15/15
 26129 | Lair:1   | Entered Level 1 of the Lair of Beasts
 26164 | Lair:1   | Reached skill level 15 in Polearms
 27591 | Lair:2   | Gained mutation: You are weak. (Str -2) [Ru sacrifice]
 27591 | Lair:2   | Reached ****** piety under Ru
 28756 | Lair:3   | Reached skill level 1 in Spellcasting
 28801 | Lair:3   | Found a staircase to the Snake Pit.
 29033 | Lair:3   | Found a staircase to the Swamp.
 29162 | Lair:3   | Reached skill level 5 in Stealth
 29194 | Lair:3   | You fall into a shaft and drop 1 floor!
 30976 | Lair:6   | Entered Level 6 of the Lair of Beasts
 31599 | Lair:6   | Reached XP level 16. HP: 116/133 MP: 20/20
 32207 | Lair:6   | Found a staircase to the Slime Pits.
 32488 | Lair:6   | Found a transporter.
 32784 | Lair:6   | Paralysed by a hornet for 3 turns
 34064 | Lair:6   | Found a transporter.
 34065 | Lair:6   | Noticed skk's ghost (journeyman DsFi)
 34599 | Orc:1    | Entered Level 1 of the Orcish Mines
 35091 | Orc:1    | You fall into a shaft and drop 1 floor!
 35091 | Orc:2    | Entered Level 2 of the Orcish Mines
 35830 | Orc:2    | Found a roughly hewn altar of Beogh.
 36263 | Orc:2    | Found a staircase to the Elven Halls.
 36296 | Orc:2    | Reached skill level 10 in Shields
 36319 | Orc:2    | Found Giraysurr's Antique Weapon Shoppe.
 36319 | Orc:2    | Found Eze Weq's Antique Weapon Boutique.
 36431 | Orc:2    | Found Deups's Antique Weapon Emporium.
 36432 | Orc:2    | Found Umpuqat's Weapon Shop.
 36713 | Orc:2    | Learned a level 2 spell: Blink
 36737 | Orc:2    | Bought a +0 broad axe of chopping for 120 gold pieces
 37156 | Swamp:1  | Entered Level 1 of the Swamp
 37156 | Swamp:1  | Noticed Frances
 37190 | Swamp:1  | Killed Frances
 37249 | Swamp:1  | Noticed Jorgrun
 37261 | Swamp:1  | Killed Jorgrun
 37261 | Swamp:1  | Reached skill level 1 in Translocations
 38204 | Swamp:1  | Reached skill level 1 in Axes
 38716 | Swamp:1  | Reached XP level 17. HP: 138/140 MP: 24/24
 38748 | Swamp:1  | Reached skill level 5 in Spellcasting
 39134 | Swamp:2  | Noticed a thorn hunter
 39334 | Swamp:2  | Killed a thorn hunter
 40228 | Swamp:2  | Found a runed translucent gate.
 40229 | Swamp:2  | Found a runed translucent gate.
 40230 | Swamp:2  | Found a runed translucent gate.
 40232 | Swamp:2  | Noticed Buem's ghost (adept OgAM)
 40232 | Swamp:2  | Noticed reggie's ghost (journeyman DrWz)
 40234 | Swamp:2  | Noticed Zatibaps's ghost (journeyman FeVM)
 43869 | Swamp:2  | Killed reggie's ghost
 43880 | Swamp:2  | Killed Zatibaps's ghost
 44427 | Swamp:4  | Entered Level 4 of the Swamp
 44563 | Swamp:4  | Reached skill level 15 in Fighting
 45022 | Swamp:4  | Noticed a thorn hunter
 45045 | Swamp:4  | Killed a thorn hunter
 45045 | Swamp:4  | Reached skill level 5 in Axes
 45949 | Swamp:4  | Identified the +5 ring mail of the Gloaming {+Inv rCorr
                  | Dex-2} (You found it on level 4 of the Swamp)
 46575 | Swamp:4  | Noticed a bone dragon
 46608 | Swamp:4  | Killed a bone dragon
 46608 | Swamp:4  | Reached XP level 18. HP: 38/149 MP: 27/27
 47078 | Swamp:4  | Got a decaying rune of Zot
 47275 | Snake:1  | Entered Level 1 of the Snake Pit
 47644 | Snake:1  | Noticed Roxanne
 48595 | Snake:1  | Killed Roxanne
 48595 | Snake:1  | Reached skill level 5 in Translocations
 48949 | Snake:2  | Noticed Aizul
 48965 | Snake:2  | HP: 4/148 [mana viper (5)]
 48968 | Snake:2  | Killed Aizul
 50038 | Snake:2  | Found Unuraudott's Jewellery Boutique.
 50039 | Snake:2  | Found Lipnujie's Gadget Emporium.
 50041 | Snake:2  | Found Wusufom's Jewellery Boutique.
 50050 | Snake:2  | Bought an uncursed ring of protection from magic for 350
                  | gold pieces
 50055 | Snake:2  | Bought an uncursed amulet of regeneration for 540 gold
                  | pieces
 50055 | Snake:2  | Bought an uncursed ring of protection from cold for 450
                  | gold pieces
 50439 | Snake:3  | Noticed Mara
 50440 | Snake:3  | Noticed inmateoo's illusion
 50618 | Snake:3  | Noticed inmateoo's illusion
 50809 | Snake:3  | Noticed inmateoo's illusion
 51005 | Snake:3  | Noticed inmateoo's illusion
 51166 | Snake:3  | Noticed inmateoo's illusion
 51191 | Snake:3  | Killed Mara
 51392 | Snake:3  | Found a shadowy altar of Dithmenos.
 52156 | Snake:4  | Entered Level 4 of the Snake Pit
 52428 | Snake:4  | Reached XP level 19. HP: 120/155 MP: 29/29
 52705 | Snake:4  | Noticed Asterion
 52756 | Snake:4  | Killed Asterion
 52912 | Snake:4  | Reached skill level 10 in Axes
 52960 | Snake:4  | Reached skill level 10 in Dodging
 53394 | Snake:4  | Noticed Vashnia
 53424 | Snake:4  | Killed Vashnia
 53477 | Snake:4  | Noticed Louise
 53504 | Snake:4  | Killed Louise
 54306 | Snake:4  | Got a serpentine rune of Zot
 54657 | Elf:1    | Entered Level 1 of the Elven Halls
 54690 | Elf:1    | Noticed Kirke
 54707 | Elf:1    | Killed Kirke
 55618 | Elf:2    | Noticed a Brimstone Fiend
 55621 | Elf:2    | Reached XP level 20. HP: 131/162 MP: 30/30
 55809 | Elf:2    | HP: 7/162 [deep elf mage/bolt of lightning (15)]
 56381 | Elf:2    | Found a runed translucent gate.
 56383 | Elf:2    | Found a runed translucent gate.
 56409 | Elf:2    | Found a runed translucent gate.
 56858 | Vaults:1 | Entered Level 1 of the Vaults
 56917 | Vaults:1 | Reached skill level 15 in Axes
 57275 | Vaults:1 | Found Ohoacuhi's Assorted Antiques.
 57290 | Vaults:1 | Bought 2 potions of might for 384 gold pieces
 57290 | Vaults:1 | Bought a scroll of teleportation for 144 gold pieces
 57290 | Vaults:1 | Bought a scroll of identify for 96 gold pieces
 57414 | Vaults:1 | Found Nonwoimn's Food Boutique.
 57418 | Vaults:1 | Found Soawkuepn's Weapon Shoppe.
 57434 | Vaults:1 | Found Qitral's Antique Weapon Boutique.
 57775 | Vaults:1 | Reached skill level 10 in Armour
 57982 | Vaults:1 | Reached XP level 21. HP: 132/169 MP: 31/31
 59053 | Vaults:2 | Found a runed translucent gate.
 59053 | Vaults:2 | Found a runed translucent gate.
 59053 | Vaults:2 | Found a runed translucent gate.
 59054 | Vaults:2 | Noticed TuffENuff's ghost (veteran FoFi)
 59057 | Vaults:2 | Found an iron altar of Okawaru.
 61006 | Vaults:3 | Found a flickering gateway to a bazaar.
 61018 | Bazaar   | Entered a bazaar
 61018 | Bazaar   | Found Gydwathoxt's Antique Armour Shop.
 61018 | Bazaar   | Found Wifrofitz's General Store.
 61065 | Bazaar   | Found Duriof's Antique Weapon Shop.
 61099 | Bazaar   | Bought a glowing helmet for 172 gold pieces
 61113 | Bazaar   | Bought a fine trident for 204 gold pieces
 61130 | Bazaar   | Identified the +7 trident of Evisceration {freeze, SInv}
                  | (You bought it in a shop in a bazaar)
 61641 | Vaults:3 | Noticed Jory
 61660 | Vaults:3 | Killed Jory
 62048 | Vaults:3 | Found a runed translucent gate.
 62048 | Vaults:3 | Found a runed translucent gate.
 62049 | Vaults:3 | Found a runed translucent gate.
 62050 | Vaults:3 | Noticed Sianeop's ghost (adept GrFi)
 62050 | Vaults:3 | Identified the cursed +1 plate armour of the Slorg {-Tele
                  | rF+++ MP+9 Dex-4}
 62090 | Vaults:3 | Noticed Boris
 62345 | Vaults:3 | Killed Boris
 62345 | Vaults:3 | Reached XP level 22. HP: 178/178 MP: 34/34
 62608 | Vaults:3 | Reached skill level 10 in Throwing
 62932 | Vaults:3 | Found a staircase to the Crypt.
 63018 | Vaults:3 | Found a roughly hewn altar of Beogh.
 63018 | Vaults:3 | Identified the ring "Tuwkak" {rPois rF++ MP+9 Str-4 Dex+2}
 63230 | Vaults:4 | HP: 8/179 [stone giant (26)]
 63233 | Vaults:4 | HP: 1/179 [stone giant (9)]
 63237 | Vaults:4 | Demolished by a titan

Levels and vault maps discovered:
D:1:      eino_arrival_water_cross, layout_basic
D:2:      layout_loops_corners, chequers_temple_overflow_minitemple,
          chequers_ecumenical_altar_island, first_ration, minmay_door_square
D:3:      layout_basic, uniq_sigmund
D:4:      layout_gridville, trog_eyes_of_draining
D:5:      layout_basic, nicolae_overflow_crystal_walls, grunt_ministairs_9,
          nicolae_dithmenos_shadow_blocks, uniq_ijyb
D:6:      layout_layer_cave, basic_altar, gammafunk_ghost_stat_death,
          uniq_edmund
D:7:      layout_layer_cave, minmay_temple_entry_large_hall, serial_shops, shop,
          uniq_harold
D:8:      layout_cave_pools, hangedman_little_slice_of_home, minivault_27,
          kennysheep_small_square
D:9:      layout_roguey, kennysheep_ying_yang, minmay_orc_entry_temple_small,
          basic_altar, dk_noncrumbling_2, hex_intersection,
          minmay_misc_feat_four_crosses, uniq_psyche, uniq_prince_ribbit1,
          uniq_erolcha, uniq_erica
D:10:     layout_irregular_city, uniq_gastronok
D:11:     kennysheep_big_flooded_room, layout_irregular_city, lair_entry_dummy,
          serial_shops, kennysheep_mini_moat
D:12:     layout_cave_pools, serial_shops, kennysheep_mini,
          jmf_multi_god_temple2
D:13:     layout_roguey, minmay_guarded_unrand_curses
D:14:     layout_basic, erik_vaults_2, hex_tiny, chequers_serial_rivers_micro_b,
          chequers_serial_rivers_marsh, minmay_between, uniq_josephine
D:15:     grunt_enter_depths_hoard, layout_rooms, serial_bayou_pond_b
Lair:1:   layout_chaotic_city, grunt_megastairs_3, infiniplex_staircase_pool,
          serial_bayou_shore_a, lemuel_fruit_fields, lemuel_fruit_fields
Lair:2:   layout_chaotic_city
Lair:3:   layout_small_grid, palyth_hydra_swamp_entry,
          minmay_snake_entry_guardpost_large
Lair:4:   layout_hall_layers, lemuel_fruit_fields, lemuel_fruit_tree
Lair:5:   layout_misc_corridors, patterned_corridor
Lair:6:   minmay_lair_end_enchanted_forest, layout_cave_pods, slime_dummy,
          gammafunk_ghost_hive, grunt_megastairs_2, lemuel_fruit_fields
Swamp:1:  layout_basic_swamp, evilmike_swamp_ruin_house_3, uniq_jorgrun,
          uniq_frances
Swamp:2:  layout_basic_swamp, gammafunk_ghost_cemetery, hangedman_swamp_cone,
          swamp_pool1
Swamp:3:  layout_basic_swamp, evilmike_swamp_ruin_rubble_2, swamp_pool4
Swamp:4:  swamp_pestilence, layout_basic_swamp, swamp_pool5
Snake:1:  layout_gridlike, uniq_roxanne
Snake:2:  layout_onion, minmay_shop_grove, uniq_aizul
Snake:3:  layout_misc_corridors, basic_altar, nicolae_large_snake_swirl,
          uniq_mara
Snake:4:  grunt_snake_rune_pools, layout_misc_corridors, drop_trap,
          uniq_asterion, uniq_vashnia, uniq_louise
Orc:1:    layout_caves
Orc:2:    st_orc_rangers, layout_caves, basic_altar
Elf:1:    minmay_elf_arrival_circle, layout_onion_city, minivault_16,
          minivault_20, uniq_kirke
Elf:2:    layout_onion_city
Vaults:1: vaults_standard_mumra_lines, ontoclasm_vaults_gateway,
          nicolae_vaults_network_star, hangedman_vaults_stream,
          vaults_room_grunt_arrival_ludios, grunt_vaults_funnel,
          hangedman_vaults_snaps, vaults_mumra_chevron,
          ontoclasm_vaults_decontamination, v_misc_17, v_alt_pattern_1,
          v_misc_13, layout_vaults_maze_bifur, serial_shops, shop, shop,
          shop_fountains, shop_statue
Vaults:2: gammafunk_vaults_ghost_fury_of_okawaru, nicolae_vaults_triangles,
          nicolae_vaults_bisected_exclaves, vaults_room_pools,
          nicolae_vaults_yaktaur_gun_rack, ontoclasm_vaults_ring_small,
          grunt_vaults_hallway_short, nicolae_vaults_ring_of_whatevers,
          layout_vaults_omnigrid
Vaults:3: biasface_vaults_ghost_orc_armoury, nicolae_vaults_three_branches,
          nicolae_vaults_arrows, v_rooms_2, hangedman_vaults_locks,
          minmay_crypt_entry_simple_round, hangedman_vaults_restitches,
          st_lattice, ontoclasm_vaults_loading_screen,
          layout_vaults_chaotic_city, serial_shops, bzr_firewalk, uniq_boris,
          uniq_jory
Vaults:4: hangedman_vaults_variations, nicolae_vaults_little_squares_1,
          dpeg_vaults_waves, nicolae_vaults_network_quinsquares
          [nicolae_vaults_network_quincunx_subvault,
          nicolae_vaults_network_quincunx_subvault,
          nicolae_vaults_network_quincunx_subvault,
          nicolae_vaults_network_quincunx_subvault], ontoclasm_vaults_chip,
          ontoclasm_vaults_misaligned, v_misc_26, v_misc_15,
          ontoclasm_vaults_tryst, vaults_standard_mumra_enter_the_diamond,
          v_misc_5, nicolae_vaults_rhombus_6, vaults_room_ringed_pool,
          layout_vaults_omnibox, serial_shops, nicolae_shop_trees,
          shop_fountains

Skill      XL: |  1  2  3  4  5  6  7  8  9 10 11 12 13 14 15 16 17 18 19 20 21 22 |
---------------+-------------------------------------------------------------------+-----
Fighting       | 4 5 6 7 8 10 11 12 13 14 15 16 | 16.3
Polearms       | 4 7 9 10 12 13 14 15 16 17 | 17.6
Armour         | 4 5 6 7 8 9 10 11 | 11.5
Dodging        | 2 4 5 6 7 8 9 10 | 10.0
Stealth        | 1 2 3 5 7 |  7.0
Shields        | 4 5 7 8 9 10 | 10.0
Throwing       | 2 6 7 8 9 10 | 10.0
Spellcasting   | 3 4 6 7 8 |  8.8
Translocations | 1 4 6 7 |  7.0
Axes           | 1 6 9 14 15 16 17 | 17.3

Action                   |  1- 3 |  4- 6 |  7- 9 | 10-12 | 13-15 | 16-18 | 19-21 | 22-24 || total
-------------------------+-------+-------+-------+-------+-------+-------+-------+-------++-------
Melee: Trident           |   145 |   210 |   452 |   983 |  1890 |   831 |       |       ||  4511
       Unarmed           |       |       |       |     9 |       |     7 |       |       ||    16
       Broad axe         |       |       |       |       |       |  1115 |  1704 |   146 ||  2965
Throw: Boomerang         |       |       |     2 |     2 |    16 |     8 |     8 |       ||    36
       Throwing net      |       |       |       |       |       |       |     4 |       ||     4
 Cast: Blink             |       |       |       |       |       |       |    21 |       ||    21
Invok: Sacrifice Purity  |       |       |       |     1 |     1 |       |       |       ||     2
       Sacrifice Words   |       |       |       |     1 |       |       |       |       ||     1
       Sacrifice Health  |       |       |       |     1 |       |       |       |       ||     1
       Sacrifice Artific |       |       |       |       |     1 |       |       |       ||     1
       Sacrifice Love    |       |       |       |       |     1 |       |       |       ||     1
       Apocalypse        |       |       |       |       |       |     3 |     1 |     2 ||     6
       Draw Out Power    |       |       |       |       |       |     2 |     3 |     1 ||     6
       Power Leap        |       |       |       |       |       |     1 |     1 |       ||     2
Evoke: Wand              |       |       |     1 |    23 |     1 |       |       |       ||    25
  Use: Potion            |       |     1 |     3 |       |     2 |    10 |     8 |     4 ||    28
       Scroll            |       |       |    12 |     9 |     7 |    23 |    10 |       ||    61
 Stab: Paralysed         |       |       |       |    11 |     5 |    27 |    25 |     1 ||    69
       Confused          |       |       |       |     1 |       |       |       |       ||     1
       Distracted        |       |       |       |     2 |    12 |    20 |     9 |       ||    43
       Invisible         |       |       |       |       |    21 |    50 |    37 |     1 ||   109
       Sleeping          |       |       |       |       |    16 |    14 |    10 |       ||    40
       Held in net/web   |       |       |       |       |       |       |     1 |       ||     1
  Eat: Chunk             |     2 |     8 |    17 |    23 |    37 |    23 |     8 |       ||   118
       Ration            |       |       |       |     1 |     4 |    15 |     7 |       ||    27
Armor: Scale mail        |    59 |    98 |   175 |   327 |   359 |       |       |       ||  1018
       Skin              |       |       |       |     2 |       |       |       |       ||     2
       Shadow dragon sca |       |       |       |       |   272 |   567 |       |       ||   839
       Swamp dragon scal |       |       |       |       |       |   453 |   429 |    53 ||   935
Dodge: Dodged            |    36 |    37 |   112 |   294 |   263 |   369 |   320 |    21 ||  1452
Block: Shield            |    66 |    55 |   172 |   340 |   636 |   655 |       |       ||  1924
       Large shield      |       |       |       |       |       |   524 |  1061 |    90 ||  1675
